[Event "Late-Titled-Tuesday-Blitz-June-25-2024"]
[Site "Chess.com"]
[Date "2024.06.25"]
[Round "2"]
[White "Sl4werThanYou"]
[Black "glebus008"]
[Result "1-0"]
[WhiteElo "2703"]
[BlackElo "2384"]
[TimeControl "180+1"]
[EndTime "14:13:01 PDT"]
[Termination "Sl4werThanYou won by checkmate"]

1. d4 d5 2. Nf3 Nf6 3. c4 e6 4.
cxd5 exd5 5. Qc2 c6 6. Bg5 Be7 7. e3 O-O 8. Bd3 h6 9. Bh4 Ne8 10. Bxe7 Qxe7 11. Nc3 Nd6 12. O-O Qf6 13. b4 a6 14. a4 Bf5 15. Bxf5 Nxf5 16. b5 axb5 17. axb5 Rxa1 18. Rxa1 Nd7 19. bxc6 bxc6 20. Ra6 Qd6 21. Qxf5 Qb4 22. Qxd7 Qxc3 23. h4 Rb8 24. Rxc6 Rb1+ 25.
Kh2 Qa1 26. Rc8+ Kh7 27. Qf5+ g6 28. Qxf7# 1-0

[Event "Late-Titled-Tuesday-Blitz-June-25-2024"]
[Site "Chess.com"]
[Date "2024.06.25"]
[Round "2"]
[White "mishanick"]
[Black "Snowball-03"]
[Result "1-0"]
[WhiteElo "3164"]
[BlackElo "2649"]
[TimeControl "180+1"]
[EndTime "14:13:14 PDT"]
[Termination "mishanick won by checkmate"]

1. d4 Nf6 2. c4 c5 3. d5 b5 4.
cxb5 a6 5. bxa6 g6 6. Nc3 Bg7 7. e4 O-O 8. Nf3 Qa5 9. Nd2 Bxa6 10. Bxa6 Qxa6 11. Qe2 e6 12. dxe6 dxe6 13. Qxa6 Rxa6 14. Nb3 Rc8 15. Ke2 Nfd7 16. Rd1 c4 17.
Nd4 Nc5 18. Be3 Rb6 19. Rd2 Rb7 20. Rad1 Nba6 21. Ndb5 Ra8 22. Rd8+ Rxd8 23. Rxd8+ Bf8 24. Bh6 Nd7 25. e5 Nac5 26. Rc8 Ne4 27. Nxe4 Rxb5 28. Nf6+ Nxf6 29. Rxf8# 1-0

[Event "Late-Titled-Tuesday-Blitz-June-25-2024"]
[Site "Chess.com"]
[Date "2024.06.25"]
[Round "2"]
[White "campochess"]
[Black "djano"]
[Result "0-1"]
[WhiteElo "2223"]
[BlackElo "2567"]
[TimeControl "180+1"]
[EndTime "14:13:33 PDT"]
[Termination "djano won by resignation"]

1. d4 e6 2. Nf3 f5 3. Bg5 Nf6 4. g3 Be7 5. Bg2 O-O 6. O-O Qe8 7. c4 Qh5 8. Nc3 d6 9. Bxf6 Bxf6 10. e4 Nc6 11. e5 Be7 12. exd6 Bxd6 13. Nb5 f4 14. Nxd6 cxd6 15. Nh4 Qg5 16. Nf3 Qf6 17. Qd2 e5 18. dxe5 dxe5 19. Ne1 Nd4 20. Nc2 f3 21. Nxd4 fxg2 22.
Kxg2 exd4 0-1

[Event "Late-Titled-Tuesday-Blitz-June-25-2024"]
[Site "Chess.com"]
[Date "2024.06.25"]
[Round "2"]
[White "merinasian"]
[Black "SmirnovAlexandrA"]
[Result "1-0"]
[WhiteElo "2399"]
[BlackElo "2609"]
[TimeControl "180+1"]
[EndTime "14:13:33 PDT"]
[Termination "merinasian won by resignation"]

1. d4 Nf6 2. Nf3 g6 3. Bf4 Bg7 4. e3 d6 5. h3 O-O 6. Be2 c5 7. O-O b6 8. c4 Bb7 9. Nc3 cxd4 10. Nxd4 e5 11. Ndb5 exf4 12. Nxd6 Bc6 13. exf4 Nbd7 14. Bf3 Bxf3 15. Qxf3 Nc5 16. Rad1 Qb8 17. b4 Ne6 18. f5 Ng5 19. Qf4 h6 20. h4 Nh5 21. Qe3 Nh7 22. fxg6 fxg6 23. Qe6+ Kh8 24. Qxg6 Nf4 25. Nf7+ Rxf7 26.
Qxf7 Bxc3 27. Rd7 Qg8 28. Qxf4 Qg6 29. Qf3 Rg8 30. Qxc3+ 1-0

[Event "Late-Titled-Tuesday-Blitz-June-25-2024"]
[Site "Chess.com"]
[Date "2024.06.25"]
[Round "2"]
[White "Puzzlebot_1294"]
[Black "Javokhir_Sindarov05"]
[Result "0-1"]
[WhiteElo "2630"]
[BlackElo "3070"]
[TimeControl "180+1"]
[EndTime "14:13:34 PDT"]
[Termination "Javokhir_Sindarov05 won by resignation"]

1. d4 Nf6 2. Bf4 g6 3. Nc3 d5 4. e3 Bg7 5. h4 h5 6. Qd2 O-O 7. O-O-O c5 8. Nf3 Nc6 9. a3 c4 10. Ne5 Be6 11. f3 Rc8 12. Be2 b5 13. g4 b4 14.
Nxc6 bxc3 15. Nxd8 cxd2+ 16. Rxd2 Rfxd8 0-1

[Event "Late-Titled-Tuesday-Blitz-June-25-2024"]
[Site "Chess.com"]
[Date "2024.06.25"]
[Round "2"]
[White "stasOR4ik"]
[Black "randy296"]
[Result "1-0"]
[WhiteElo "2456"]
[BlackElo "2066"]
[TimeControl "180+1"]
[EndTime "14:13:37 PDT"]
[Termination "stasOR4ik won by resignation"]

1. e4 c5 2. c3 Nf6 3. e5 Nd5 4. Nf3 e6 5. d4 d6 6. exd6 Bxd6 7. Bg5 Qb6 8. dxc5 Bxc5 9. Qc2 Nc6 10. Bc4 O-O 11. O-O h6 12. Bh4 Nf4 13. b4 Be7 14. Bg3 Nh5 15. Nbd2 Nxg3 16. hxg3 Bf6 17. Ne4 Be5 18.
b5 Nb4 19. Qe2 Bd6 20. Nxd6 1-0

[Event "Late-Titled-Tuesday-Blitz-June-25-2024"]
[Site "Chess.com"]
[Date "2024.06.25"]
[Round "2"]
[White "xakevicius91"]
[Black "chess_sharparchitect"]
[Result "0-1"]
[WhiteElo "2595"]
[BlackElo "2340"]
[TimeControl "180+1"]
[EndTime "14:13:43 PDT"]
[Termination "chess_sharparchitect won by resignation"]

1. e4 c5 2. Nf3 d6 3. d4 cxd4 4.
Nxd4 Nf6 5. Nc3 a6 6. f3 e5 7. Nb3 Be6 8. Be3 Nbd7 9. Qd2 h5 10. Nd5 Bxd5 11. exd5 b5 12. Be2 Nb6 13. Bxb6 Qxb6 14. c3 g6 15. O-O-O Bh6 0-1

[Event "Late-Titled-Tuesday-Blitz-June-25-2024"]
[Site "Chess.com"]
[Date "2024.06.25"]
[Round "2"]
[White "Aswathchess"]
[Black "maracayo"]
[Result "1-0"]
[WhiteElo "2768"]
[BlackElo "2405"]
[TimeControl "180+1"]
[EndTime "14:13:43 PDT"]
[Termination "Aswathchess won by resignation"]

1. Nf3 d6 2. d4 Nf6 3. c3 Nbd7 4. Bf4 c6 5. Nbd2 g6 6. e3 Bg7 7. h4 O-O 8. Be2 Re8 9. Qc2 e5 10. Bg3 e4 11. Ng5 d5 12. Nh3 Nf8 13. h5 Nxh5 14.
Bxh5 gxh5 15. Nf4 Bg4 16. Nxh5 Bxh5 17. Rxh5 Ng6 18. O-O-O c5 19. dxc5 b6 20. Nc4 bxc5 21. Rhxd5 Qf6 22. Nd6 Re6 23. Nxe4 Qe7 24. Nxc5 Rc6 25.
Qe4 Qf8 26. Bd6 Qc8 27. Be7 Nxe7 28. Qxe7 Bf8 29. Rd8 1-0

[Event "Late-Titled-Tuesday-Blitz-June-25-2024"]
[Site "Chess.com"]
[Date "2024.06.25"]
[Round "2"]
[White "arnoldpetra"]
[Black "OIAM03"]
[Result "1-0"]
[WhiteElo "2438"]
[BlackElo "1973"]
[TimeControl "180+1"]
[EndTime "14:13:45 PDT"]
[Termination "arnoldpetra won by resignation"]

1. d4 Nf6 2. c3 g6 3. Nf3 Bg7 4.
Bf4 O-O 5. h3 d6 6. e3 Nbd7 7. Be2 b6 8. a4 Bb7 9. O-O Re8 10. Na3 e5 11. Bh2 e4 12. Nd2 c5 13.
Nb5 cxd4 14. cxd4 d5 15. Nd6 Bc6 16. Nxe8 Qxe8 17. Bb5 Bb7 18. Qb3 Qe6 19. Rfc1 Ne8 20.
a5 a6 21. Bxd7 Qxd7 22. Qxb6 1-0

[Event "Late-Titled-Tuesday-Blitz-June-25-2024"]
[Site "Chess.com"]
[Date "2024.06.25"]
[Round "2"]
[White "Alblooshi_Hamad"]
[Black "Zq1"]
[Result "1-0"]
[WhiteElo "2293"]
[BlackElo "2492"]
[TimeControl "180+1"]
[EndTime "14:13:48 PDT"]
[Termination "Alblooshi_Hamad won by resignation"]

1. d4 Nf6 2. c4 a6 3. Nc3 c5 4. d5 b5 5. cxb5 axb5 6. Nxb5 Qa5+ 7.
Nc3 Bb7 8. Bd2 Qb6 9. e4 e6 10. dxe6 fxe6 11. Bd3 Nc6 12. Nf3 Nb4 13. Bb1 Ba6 14.
Ne2 Nd3+ 15. Bxd3 Bxd3 16. O-O Bxe4 17. Nc3 Bc6 18. b3 Be7 19. Ne5 O-O 20. Nxc6 Qxc6 21. Be3 d5 22. Na4 d4 23. Bg5 h6 24. Bh4 Rad8 25. Rc1 Qd5 26. Nb6 Qh5 27. Qxh5 Nxh5 28. Bxe7 1-0

[Event "Late-Titled-Tuesday-Blitz-June-25-2024"]
[Site "Chess.com"]
[Date "2024.06.25"]
[Round "2"]
[White "BerlinDrawer"]
[Black "FairChess_on_YouTube"]
[Result "0-1"]
[WhiteElo "2636"]
[BlackElo "3089"]
[TimeControl "180+1"]
[EndTime "14:13:52 PDT"]
[Termination "FairChess_on_YouTube won by resignation"]

1. d4 Nf6 2. c4 e6 3. Nf3 b6 4. g3 c6 5. Bg2 Ba6 6. b3 d5 7. Nbd2 Be7 8. O-O O-O 9. Bb2 Nbd7 10. Re1 c5 11. e4 dxc4 12. e5 c3 13. Bxc3 Nd5 14.
Bb2 cxd4 15. Nxd4 Rc8 16. a3 Nc5 17. Nc4 Nxb3 18. Qxb3 Bxc4 19. Qd1 b5 20. h4 Qb6 21. Qg4 Bc5 22. h5 Rcd8 23. Rad1 b4 24. axb4 Nxb4 25. h6 g6 26. Qf3 Rfe8 27. Qc3 Nd3 28. Qxc4 Nxb2 0-1

[Event "Late-Titled-Tuesday-Blitz-June-25-2024"]
[Site "Chess.com"]
[Date "2024.06.25"]
[Round "2"]
[White "BardArtem"]
[Black "Sondremelaa"]
[Result "1-0"]
[WhiteElo "2835"]
[BlackElo "2582"]
[TimeControl "180+1"]
[EndTime "14:14:00 PDT"]
[Termination "BardArtem won by resignation"]

1. e4 e5 2. Nf3 Nc6 3. Nc3 Nf6 4. a4 d5 5. Bb5 dxe4 6. Nxe5 Qd6 7. d4 exd3 8. Bf4 a6 9. Bxc6+ bxc6 10. O-O dxc2 11. Qxc2 Be7 12. Ng6 Qb4 13. Nd5 cxd5 14. Qc6+ Bd7 15.
Qxa8+ Bd8 16. Bxc7 1-0

[Event "Late-Titled-Tuesday-Blitz-June-25-2024"]
[Site "Chess.com"]
[Date "2024.06.25"]
[Round "2"]
[White "IsaacWiebe"]
[Black "Meri-Arabidze"]
[Result "0-1"]
[WhiteElo "2362"]
[BlackElo "2695"]
[TimeControl "180+1"]
[EndTime "14:14:01 PDT"]
[Termination "Meri-Arabidze won by resignation"]

1. e4 e5 2. Nf3 Nc6 3. Bb5 a6 4. Ba4 Nf6 5. O-O d6 6. Re1 Bd7 7. c4 Bg4 8. Nc3 Nd7 9. Bxc6 bxc6 10. d3 Be7 11. Be3 O-O 12. d4 Bh5 13. h3 exd4 14.
Bxd4 c5 15. Be3 Bf6 16. Rc1 Ne5 17. g4 Nxf3+ 18. Qxf3 Bg6 19. b3 Re8 20. Bd2 Bd4 21.
Nd5 a5 22. a4 c6 23. Nf4 Ra7 24. Nxg6 fxg6 25. Bc3 Rf7 0-1

[Event "Late-Titled-Tuesday-Blitz-June-25-2024"]
[Site "Chess.com"]
[Date "2024.06.25"]
[Round "2"]
[White "Jospem"]
[Black "FloMasterAAK"]
[Result "1-0"]
[WhiteElo "3046"]
[BlackElo "2625"]
[TimeControl "180+1"]
[EndTime "14:14:06 PDT"]
[Termination "Jospem won by resignation"]

1. e4 e5 2. Nf3 Nc6 3. Nc3 Nf6 4. h3 Bb4 5. a3 Bc5 6. Nxe5 Nxe5 7. d4 d6 8. dxc5 dxc5 9. Qxd8+ Kxd8 10. Bf4 Ng6 11. O-O-O+ Bd7 12. Bg5 c6 13. e5 Nxe5 14. Ne4 Kc7 15.
Nxf6 gxf6 16. Bxf6 Rhe8 17. Bh4 Bf5 18. Bg3 Rad8 19.
Be2 Kc8 20. Rxd8+ Kxd8 21. Rd1+ Kc8 22. Bf1 b5 23. Bh2 Nd7 24. g4 Be6 25. Bg2 Kb7 26. Rd6 Rc8 27. f4 Nf8 28. f5 Bc4 29. b3 Be2 30. Kd2 Re8 31. Bxc6+ 1-0

[Event "Late-Titled-Tuesday-Blitz-June-25-2024"]
[Site "Chess.com"]
[Date "2024.06.25"]
[Round "2"]
[White "BillieKimbah"]
[Black "Malev212"]
[Result "1-0"]
[WhiteElo "2934"]
[BlackElo "2603"]
[TimeControl "180+1"]
[EndTime "14:14:06 PDT"]
[Termination "BillieKimbah won by resignation"]

1. d4 g6 2. e4 Bg7 3. Nf3 d6 4. Bc4 Nf6 5. Qe2 O-O 6. e5 dxe5 7. dxe5 Nd5 8. h3 Nb6 9. Bb3 Nc6 10. O-O Nd4 11. Nxd4 Qxd4 12. Re1 a5 13. a4 Be6 14. Bxe6 fxe6 15. Nd2 Rad8 16. Nf3 Qb4 17. b3 Nd5 18. Bd2 Qb6 19. Qb5 Qxb5 20. axb5 b6 21. Rad1 Rxf3 22. gxf3 Rf8 23. c4 1-0

[Event "Late-Titled-Tuesday-Blitz-June-25-2024"]
[Site "Chess.com"]
[Date "2024.06.25"]
[Round "2"]
[White "Eloist"]
[Black "Andrey-Ivanov2011"]
[Result "1-0"]
[WhiteElo "2461"]
[BlackElo "2098"]
[TimeControl "180+1"]
[EndTime "14:14:12 PDT"]
[Termination "Eloist won by resignation"]

1. e4 c5 2. Nf3 d6 3. Bb5+ Bd7 4. Bxd7+ Qxd7 5. c4 Nf6 6. Nc3 Nc6 7. d4 cxd4 8.
Nxd4 e6 9. O-O Be7 10. Be3 a6 11. f4 O-O 12. Rc1 Rac8 13. b3 Rfd8 14. Qf3 e5 15.
Nf5 exf4 16. Bxf4 Ne5 17. Bxe5 dxe5 18. Nd5 Nxd5 19. exd5 Bc5+ 20. Kh1 f6 21. Rcd1 b5 22. d6 Rb8 23. Qd5+ Kh8 24. Qxc5 Rbc8 25. Qd5 bxc4 26.
bxc4 Rc6 27. c5 Rdc8 28. Ne7 Rxc5 29. Qf7 Ra8 30. Ng6+ hxg6 31. Qxd7 1-0

[Event "Late-Titled-Tuesday-Blitz-June-25-2024"]
[Site "Chess.com"]
[Date "2024.06.25"]
[Round "2"]
[White "dosto07"]
[Black "TOCANTINS_TO"]
[Result "1-0"]
[WhiteElo "2452"]
[BlackElo "2040"]
[TimeControl "180+1"]
[EndTime "14:14:13 PDT"]
[Termination "dosto07 won by resignation"]

1. e4 c5 2. Nf3 e6 3. c3 Nf6 4. e5 Nd5 5. Bc4 Nb6 6. Bb3 d6 7. d4 dxe5 8. Nxe5 cxd4 9. cxd4 Nc6 10. Nf3 Be7 11. Nc3 Nb4 12. O-O N4d5 13. Re1 O-O 14.
Ne5 Nf6 15. Bg5 Nbd5 16. Bc2 h6 17. Bh4 Nb4 18. Bb1 Nfd5 19. Bg3 Nf6 20. a3 Nc6 21.
Nf3 b6 22. Qd3 g6 23. Bc2 Bb7 24. Rxe6 fxe6 25. Qxg6+ Kh8 26. Qxh6+ Kg8 27. Qg6+ Kh8 28. Ng5 Qe8 29. Qh6+ Kg8 30. Bh7+ 1-0

[Event "Late-Titled-Tuesday-Blitz-June-25-2024"]
[Site "Chess.com"]
[Date "2024.06.25"]
[Round "2"]
[White "ShimogaTactician"]
[Black "nindjaxx8"]
[Result "0-1"]
[WhiteElo "2531"]
[BlackElo "2735"]
[TimeControl "180+1"]
[EndTime "14:14:14 PDT"]
[Termination "nindjaxx8 won by resignation"]

1. Nf3 d5 2. d4 Nf6 3. c4 e6 4.
Nc3 Be7 5. Bg5 O-O 6. e3 b6 7. Be2 dxc4 8. Bxc4 Bb7 9. O-O Nbd7 10. Qe2 c5 11.
Rad1 cxd4 12. exd4 Rc8 13. Ne5 Nd5 14. Bxd5 Bxd5 15. Nxd7 Qxd7 16. Bxe7 Bc4 17. Qg4 Qxe7 18. Rfe1 Qb7 19. Ne4 f5 20. Nd6 fxg4 21. Nxb7 Bd5 22. Nd6 Rc2 23. Rf1 Rxb2 24. a3 Rd8 0-1

[Event "Late-Titled-Tuesday-Blitz-June-25-2024"]
[Site "Chess.com"]
[Date "2024.06.25"]
[Round "2"]
[White "ErikRonka"]
[Black "ilya2700"]
[Result "1-0"]
[WhiteElo "2501"]
[BlackElo "2249"]
[TimeControl "180+1"]
[EndTime "14:14:15 PDT"]
[Termination "ErikRonka won by checkmate"]

1. d4 d5 2. Nf3 e6 3. g3 Nf6 4. Bg2 c5 5. O-O Nc6 6. c4 Be7 7. cxd5 exd5 8. dxc5 Bxc5 9. a3 O-O 10. b4 Bb6 11.
Bb2 Re8 12. Nc3 Bg4 13. Na4 Qe7 14. Nxb6 axb6 15. Re1 Rad8 16. Nd4 Bh5 17. Rc1 Ne4 18. Nxc6 bxc6 19. Qd4 c5 20. Qxg7# 1-0

[Event "Late-Titled-Tuesday-Blitz-June-25-2024"]
[Site "Chess.com"]
[Date "2024.06.25"]
[Round "2"]
[White "HamedWafa4"]
[Black "duone"]
[Result "1-0"]
[WhiteElo "2775"]
[BlackElo "2409"]
[TimeControl "180+1"]
[EndTime "14:14:16 PDT"]
[Termination "HamedWafa4 won by resignation"]

1. e4 e6 2. d4 d5 3. e5 c5 4. c3 Nc6 5. Nf3 Qb6 6. Be2 Nh6 7. Bxh6 gxh6 8. Qd2 Bd7 9. O-O Be7 10.
Na3 h5 11. Nb5 a6 12. Nd6+ Bxd6 13. exd6 O-O-O 14. Ne5 Nxe5 15. dxe5 Rhg8 16. Bxh5 Rg7 17. Bf3 Rdg8 18. g3 Bc6 19. b4 c4 20. Rad1 Qd8 21.
Qd4 Kb8 22. Bg2 Qg5 23. Ra1 h5 24. a4 h4 25. b5 hxg3 26. fxg3 Bd7 27. bxa6 Rh7 28.
Qb6 Bc6 29. Qc7+ Ka8 30. Rab1 Qe3+ 31. Rf2 Qa7 32. axb7+ Bxb7 33. d7 Qb8 34. Qa5+ Qa7 35. d8=Q+ 1-0

[Event "Late-Titled-Tuesday-Blitz-June-25-2024"]
[Site "Chess.com"]
[Date "2024.06.25"]
[Round "2"]
[White "kubal123"]
[Black "Perecke"]
[Result "0-1"]
[WhiteElo "2286"]
[BlackElo "2513"]
[TimeControl "180+1"]
[EndTime "14:14:18 PDT"]
[Termination "Perecke won by resignation"]

1. d4 d5 2. c4 e6 3. Nf3 Nf6 4. g3 Be7 5. Bg2 O-O 6. O-O dxc4 7. Qc2 a6 8. a4 c6 9. Qxc4 b5 10. Qc2 Bb7 11. Ne5 Qxd4 12. Bf4 Nd5 13. Rd1 Qc5 14. Qxc5 Bxc5 15. Rc1 Nxf4 16. gxf4 Bd4 17. Nc3 b4 18. Ne4 Bxb2 19. Rab1 Bxc1 20. Rxc1 f6 21. Nc4 c5 22. Ncd6 Bxe4 23. Bxe4 Nd7 24. Bxa8 Rxa8 25. Ne4 Rc8 26. Rd1 Rc7 27. Rd6 c4 28. Rxe6 c3 29. Nd6 c2 30.
Re8+ Nf8 0-1

[Event "Late-Titled-Tuesday-Blitz-June-25-2024"]
[Site "Chess.com"]
[Date "2024.06.25"]
[Round "2"]
[White "canary2016"]
[Black "yaguigor"]
[Result "1/2-1/2"]
[WhiteElo "2239"]
[BlackElo "2548"]
[TimeControl "180+1"]
[EndTime "14:14:30 PDT"]
[Termination "Game drawn by repetition"]

1. d4 f5 2. c4 Nf6 3. g3 g6 4. Bg2 Bg7 5. Nf3 O-O 6. O-O d6 7. Nc3 c6 8. Re1 Ne4 9. Qc2 Nxc3 10. bxc3 e5 11. e4 fxe4 12. Qxe4 Bf5 13. Qe2 Bg4 14. h3 Bxf3 15. Bxf3 exd4 16. cxd4 Bxd4 17. Rb1 Qf6 18. Bf4 g5 19. Rxb7 gxf4 20. Qe4 Rf7 21. Qe8+ Rf8 22. Qe4 Rf7 23. Qe8+ Rf8 24. Qe4 1/2-1/2

[Event "Late-Titled-Tuesday-Blitz-June-25-2024"]
[Site "Chess.com"]
[Date "2024.06.25"]
[Round "2"]
[White "Stanbad1"]
[Black "SharathRk6"]
[Result "1-0"]
[WhiteElo "2729"]
[BlackElo "2477"]
[TimeControl "180+1"]
[EndTime "14:14:32 PDT"]
[Termination "Stanbad1 won by resignation"]

1. d4 Nf6 2. Nc3 d5 3. Bf4 e6 4. Nb5 Na6 5. e3 Be7 6. Nf3 O-O 7. h3 c5 8. c3 Bd7 9. a4 Ne4 10.
Bd3 f6 11. O-O Bc6 12. Re1 c4 13. Bc2 Nd6 14. Nxd6 Bxd6 15. Bxd6 Qxd6 16. e4 dxe4 17. Bxe4 Nc7 18. Nd2 Bxe4 19. Rxe4 Qd5 20. Qe2 b5 21.
axb5 Rab8 22. Qxc4 Rxb5 23. Qxc7 Rxb2 24. Rxa7 Qg5 25.
Rg4 1-0

[Event "Late-Titled-Tuesday-Blitz-June-25-2024"]
[Site "Chess.com"]
[Date "2024.06.25"]
[Round "2"]
[White "oskariot"]
[Black "JavierRuizVazquez"]
[Result "1-0"]
[WhiteElo "2740"]
[BlackElo "2402"]
[TimeControl "180+1"]
[EndTime "14:14:41 PDT"]
[Termination "oskariot won by resignation"]

1. e4 c6 2. d4 d5 3. Nd2 dxe4 4. Nxe4 Nf6 5. Nxf6+ exf6 6. Be2 Bd6 7. Bf3 O-O 8.
Ne2 Re8 9. O-O Bf5 10. c4 Nd7 11. Nc3 Nf8 12. c5 Bc7 13. d5 cxd5 14. Bxd5 Be5 15. Be3 Qc7 16. h3 Rad8 17. Qb3 Bc8 18. Nb5 Qb8 19. Bxf7+ Kh8 20. Bxe8 Rxe8 21. Rad1 Be6 22.
Qb4 Ng6 23. Nd6 Rf8 24. f4 Bxd6 25. cxd6 Bd7 26. Qc5 b6 27. Qc7 Qe8 28. Rfe1 Bc6 29. Bxb6 Qa8 30. Qxa7 Qc8 31. d7 Bxd7 32. Qxd7 Qc2 33. Qd2 Qc6 34. Bf2 h5 35. Qd6 Qb7 36.
f5 Nf4 37. Qxf4 1-0

[Event "Late-Titled-Tuesday-Blitz-June-25-2024"]
[Site "Chess.com"]
[Date "2024.06.25"]
[Round "2"]
[White "jens1102"]
[Black "MITerryble"]
[Result "0-1"]
[WhiteElo "2606"]
[BlackElo "2974"]
[TimeControl "180+1"]
[EndTime "14:14:47 PDT"]
[Termination "MITerryble won by resignation"]

1. e4 e6 2. d4 d5 3. exd5 exd5 4.
Nf3 Nc6 5. Bd3 Bd6 6. O-O Bg4 7. c3 Nge7 8. Re1 Qd7 9. Nbd2 f6 10. Nf1 O-O-O 11.
b4 g5 12. a4 Ng6 13. Ne3 Be6 14.
Qc2 Nce7 15. a5 g4 16. Nd2 f5 17. Nef1 Nf4 18. Nb3 Nxd3 19. Qxd3 Ng6 20. a6 b6 21. Nc5 bxc5 22. bxc5 Bf4 23. Qb1 Qc6 24. Rxe6 Qxe6 25. Qb7+ Kd7 26. Bxf4 Nxf4 27. Ne3 Rb8 28. Qxa7 Ra8 29.
Qb7 Rhb8 0-1

[Event "Late-Titled-Tuesday-Blitz-June-25-2024"]
[Site "Chess.com"]
[Date "2024.06.25"]
[Round "2"]
[White "tactic"]
[Black "Nick12772"]
[Result "1-0"]
[WhiteElo "2700"]
[BlackElo "2395"]
[TimeControl "180+1"]
[EndTime "14:14:48 PDT"]
[Termination "tactic won by resignation"]

1. e4 e6 2. d4 d5 3. Nd2 Nf6 4. e5 Nfd7 5. Ngf3 c5 6. c3 Nc6 7. Bd3 Be7 8. O-O a5 9. Bb5 Qc7 10. Re1 b6 11. Nf1 Ba6 12. Bxa6 Rxa6 13. Ng3 Ra8 14. Nh5 O-O 15. Bf4 Rac8 16. a3 Rfd8 17.
Qd2 a4 18. Nf6+ Kh8 19. Ng5 Bxf6 20. exf6 e5 21. Nxf7+ Kg8 22. Nxd8 exf4 23. Re8+ 1-0

[Event "Late-Titled-Tuesday-Blitz-June-25-2024"]
[Site "Chess.com"]
[Date "2024.06.25"]
[Round "2"]
[White "ExchangeAB"]
[Black "MyDream003"]
[Result "0-1"]
[WhiteElo "2546"]
[BlackElo "2790"]
[TimeControl "180+1"]
[EndTime "14:14:52 PDT"]
[Termination "MyDream003 won by resignation"]

1. d4 Nf6 2. Nf3 g6 3. g3 Bg7 4. Bg2 O-O 5. O-O d6 6. b3 b5 7. Bb2 Bb7 8. Nbd2 Nbd7 9. c4 a6 10. Rc1 e6 11. Ng5 Bxg2 12. Kxg2 c5 13. Nge4 Ne8 14.
Nf3 Qa5 15. Bc3 b4 16. Be1 cxd4 17. Nxd4 Qe5 18. Qd3 Qxd4 19. Qxd4 Bxd4 20. Bxb4 Nc5 21. Rcd1 Nxe4 22. Rxd4 Nc5 23. Rfd1 Rc8 24. Ba3 a5 25. f3 f5 26. Bc1 Rf7 27. Bd2 Ra7 28. Be1 Kf7 29. h4 Raa8 30. Kf2 Rc6 31. Kg2 Ke7 32. Kf2 Nf6 33. Kg2 e5 34. R4d2 Ke6 35. Rb2 Rb6 36. Rdb1 Rb7 37. a3 a4 38. b4 Nb3 39. Rd1 Rc8 40.
Rc2 Rbc7 0-1

[Event "Late-Titled-Tuesday-Blitz-June-25-2024"]
[Site "Chess.com"]
[Date "2024.06.25"]
[Round "2"]
[White "LikeWater"]
[Black "Bkmzzzzz"]
[Result "1-0"]
[WhiteElo "2707"]
[BlackElo "2396"]
[TimeControl "180+1"]
[EndTime "14:14:52 PDT"]
[Termination "LikeWater won by checkmate"]

1. e4 d6 2. d4 Nf6 3. Nc3 e5 4. Nge2 Be7 5. h3 c6 6. a4 O-O 7.
g4 b6 8. Bg2 a6 9. f4 exf4 10. Bxf4 Bb7 11. O-O b5 12. e5 dxe5 13. dxe5 Nd5 14. Nxd5 cxd5 15. axb5 axb5 16. Rxa8 Bxa8 17.
Nd4 Bc5 18. Kh1 Qb6 19. Nf5 Qb7 20. Qd3 Na6 21. Bg5 Nb4 22. Qd2 Qa7 23. Bf6 Be3 24. Nxe3 gxf6 25. Nf5 fxe5 26. Qg5+ Kh8 27. Qg7# 1-0

[Event "Late-Titled-Tuesday-Blitz-June-25-2024"]
[Site "Chess.com"]
[Date "2024.06.25"]
[Round "2"]
[White "Aryan_Tamadon"]
[Black "DenLaz"]
[Result "0-1"]
[WhiteElo "2640"]
[BlackElo "3119"]
[TimeControl "180+1"]
[EndTime "14:14:54 PDT"]
[Termination "DenLaz won by resignation"]

1. Nf3 f5 2. d3 d6 3. e4 e5 4. Nc3 Nc6 5. Bg5 Be7 6. h4 Nf6 7. Qd2 O-O 8. O-O-O Be6 9. Kb1 a5 10.
exf5 Bxf5 11. d4 e4 12. Bc4+ Kh8 13. d5 exf3 14. dxc6 fxg2 15. Rhg1 bxc6 16. Rxg2 d5 17. Bd3 Qd7 18. Rdg1 Rf7 19. h5 Nxh5 20. Bxe7 Qxe7 21. Rg5 Bxd3 22. Qxd3 Nf4 23. Qd1 Raf8 24. a4 Nh3 25. R1g3 Nxg5 0-1

[Event "Late-Titled-Tuesday-Blitz-June-25-2024"]
[Site "Chess.com"]
[Date "2024.06.25"]
[Round "2"]
[White "Connectedcloud"]
[Black "chessdoll90"]
[Result "1-0"]
[WhiteElo "2316"]
[BlackElo "2504"]
[TimeControl "180+1"]
[EndTime "14:14:56 PDT"]
[Termination "Connectedcloud won by checkmate"]

1. Nf3 Nf6 2. c4 c6 3. Nc3 d5 4. e3 e6 5. b3 Nbd7 6. Bb2 Bd6 7. Rg1 Qc7 8. h3 b6 9. g4 O-O 10. g5 Ne8 11. Rc1 Qd8 12. h4 Bb7 13. h5 Qe7 14.
Qc2 e5 15. h6 g6 16. Bh3 Nc5 17. b4 Na6 18. a3 dxc4 19. Ne4 b5 20. Nxd6 Nxd6 21. Nxe5 Rfd8 22. Qc3 Ne4 23. Nxg6 fxg6 24. Be6+ Qxe6 25. Qg7# 1-0

[Event "Late-Titled-Tuesday-Blitz-June-25-2024"]
[Site "Chess.com"]
[Date "2024.06.25"]
[Round "2"]
[White "Davidalhesa2007"]
[Black "pinelone"]
[Result "0-1"]
[WhiteElo "1908"]
[BlackElo "2429"]
[TimeControl "180+1"]
[EndTime "14:14:56 PDT"]
[Termination "pinelone won by resignation"]

1. d4 Nf6 2. Nc3 d5 3. Bf4 c5 4. e4 Nxe4 5. Nxe4 dxe4 6. dxc5 Qa5+ 7. c3 Qxc5 8. Qa4+ Nc6 9. Qxe4 g6 10. Qc2 Bg7 11. Nf3 O-O 12. Be2 Bf5 13. Bd3 Nb4 14.
cxb4 Qxc2 15. Bxc2 Bxc2 16. Be5 f6 17. Bc3 e5 18.
O-O Rfd8 19. Rac1 Bd3 20. Rfe1 Rac8 21. h3 Kf7 22. g4 e4 23. Nd2 Bh6 24. Rcd1 Bc2 25.
Rc1 Rxc3 26. bxc3 Bxd2 27. Rxc2 Bxe1 0-1

[Event "Late-Titled-Tuesday-Blitz-June-25-2024"]
[Site "Chess.com"]
[Date "2024.06.25"]
[Round "2"]
[White "Renatoforf"]
[Black "wonderfultime"]
[Result "0-1"]
[WhiteElo "2133"]
[BlackElo "3047"]
[TimeControl "180+1"]
[EndTime "14:15:01 PDT"]
[Termination "wonderfultime won by resignation"]

1. e4 e5 2. Nc3 Nf6 3. Bc4 Nxe4 4. Qh5 Nd6 5. Bb3 Nc6 6. Nb5 g6 7. Qf3 Nf5 8. g4 a6 9. gxf5 axb5 10. fxg6 Qe7 11.
Qxf7+ Qxf7 12. gxf7+ Ke7 13. d3 h6 14. Nf3 d6 15. Rg1 Be6 16. Bxe6 Kxe6 17. Bd2 Kxf7 18. a3 b4 19. a4 Be7 20. b3 b5 21. Ke2 bxa4 22. Rxa4 Rxa4 23. bxa4 d5 24. Ra1 h5 25.
Bg5 e4 26. Bxe7 exf3+ 27. Kxf3 Kxe7 0-1

[Event "Late-Titled-Tuesday-Blitz-June-25-2024"]
[Site "Chess.com"]
[Date "2024.06.25"]
[Round "2"]
[White "Maus7"]
[Black "guineo59"]
[Result "1-0"]
[WhiteElo "2659"]
[BlackElo "2206"]
[TimeControl "180+1"]
[EndTime "14:15:02 PDT"]
[Termination "Maus7 won by resignation"]

1. e4 e6 2. d4 d5 3. e5 c5 4. c3 Nc6 5. Nf3 Bd7 6. Be2 Nge7 7. Na3 cxd4 8. cxd4 Nb4 9. O-O Qb6 10. Bd2 Rc8 11. Bc3 Ng6 12. Qd2 Be7 13. h4 O-O 14. h5 Nh8 15. h6 g6 16. Rfc1 a5 17. Nc2 Nxc2 18. Rxc2 a4 19. Rac1 Bb5 20. Bb4 Rxc2 21. Rxc2 Re8 22. Bxe7 Rxe7 23. Qb4 1-0